 Dungeon Crawl Stone Soup version 0.20.1-1-g8b1a95d (webtiles) character file.

245 Gerstahl the Skirmisher (level 6, -1/58 HPs)
             Began as a Naga Skald on Nov 28, 2017.
             Slain by an orc
             ... wielding a +0 flail
              (6 damage)
             ... on level 3 of the Dungeon.
             The game lasted 00:06:41 (2477 turns).

Gerstahl the Skirmisher (Naga Skald)                Turns: 2477, Time: 00:06:42

Health: -1/58      AC: 10    Str: 16    XL:     6   Next: 10%
Magic:  9/9        EV:  7    Int: 13    God:
Gold:   126        SH:  0    Dex: 10    Spells: 8/9 levels left

rFire    . . .     SeeInvis +   a - +0 falchion
rCold    . . .     Gourm    .   (no shield)
rNeg     . . .     Faith    .   b - +0 leather armour
rPois    +         Spirit   .   (no helmet)
rElec    .         Reflect  .   (no cloak)
rCorr    .         Harm     .   (no gloves)
MR       .....                  l - +0 naga barding
Stlth    +.........             i - amulet of rage
Regen    0.2/turn               o - +3 ring of protection
MPRegen  0.2/turn               (no ring)

@: short of breath, very slow
A: see invisible, deformed body, poison resistance, slowness 2, slow metabolism
1, spit poison 1, AC +2
a: Spit Poison, Evoke Berserk Rage


You were on level 3 of the Dungeon.
You were hungry.

You visited 1 branch of the dungeon, and saw 3 of its levels.

You collected 126 gold pieces.

Inventory:

Hand Weapons
 a - a +0 falchion (weapon)
Armour
 b - a +0 leather armour (worn)
 l - a +0 naga barding (worn)
Jewellery
 i - an amulet of rage (around neck)
 o - a +3 ring of protection (left hand)
 q - an uncursed ring of magical power {unknown}
Scrolls
 g - a scroll of enchant weapon {unknown}
 h - a scroll of immolation {unknown}
 j - a scroll of fog {unknown}
 n - 4 scrolls of remove curse {unknown}
 p - a scroll of enchant armour {unknown}
 r - a scroll of blinking {unknown}
Potions
 t - a potion of lignification {unknown}
 u - a potion of agility {unknown}
Books
 c - a book of Battle

   Spells                             Type                      Level
   a - Infusion                       Charms                       1
   b - Shroud of Golubria             Charms/Translocation         2
   c - Song of Slaying                Charms                       2
   d - Spectral Weapon                Hexes/Charms                 3
   e - Regeneration                   Charms/Necromancy            3
Comestibles
 d - 2 bread rations
 f - 2 meat rations
 k - 4 fruits
 m - 2 royal jellies


   Skills:
 + Level 4.4 Fighting
 + Level 4.2 Long Blades
 - Level 1.0 Armour
 - Level 1.6 Dodging
 - Level 2.2 Spellcasting
 - Level 3.1 Charms


You had 8 spell levels left.
You knew the following spells:

 Your Spells              Type           Power        Failure   Level  Hunger
a - Infusion              Chrm           #...         9%          1    ##.....


Dungeon Overview and Level Annotations

Branches:
Dungeon (3/15)

Altars:
Dithmenos
The Shining One


Innate Abilities, Weirdness & Mutations

You cannot wear boots.
Your serpentine skin is tough. (AC +2)
You have supernaturally acute eyesight. (SInv)
Armour fits poorly on your strangely shaped body.
Your system is resistant to poisons. (rPois)
You cover ground very slowly.
You have a slow metabolism.
You can spit poison.


Message History

You feel slightly more hungry.
You hit the dart slug.
The dart slug is moderately wounded.
You completely miss the dart slug.
The dart slug is moderately wounded.
The dart slug barely misses you.
You hit the dart slug.
The dart slug is heavily wounded.
The dart slug barely misses you.
You riposte.
Your leather armour prevents you from hitting the dart slug.
The dart slug is heavily wounded.
You slash the dart slug!
You kill the dart slug!
You have got your breath back.
The orc barely misses you.
Press: ? - help, Shift-Dir - straight line, f - orc
Aim: an orc, wielding a flail and wearing a leather armour The splash of poison misses the orc.
You feel slightly more hungry.
You hit the orc but do no damage. The orc hits you with a flail.
You die...

# ...#### # ...#... #
############ ....... #
#>.......... @g..... #
#.########## ..).... #
#.# .......
####.#############)(.....
.....#.....##...@o..#
####.#.###.##.#######
####.#.###.##.######
...#...)............+
##.###.##############
##.#...# ...#.### ####.#
.....#


You could see an orc.

Vanquished Creatures
  A sky beast (D:3)
  Jessica (D:3)
  Ijyb (D:3)
  5 adders
  An ooze (D:1)
  A worm (D:2)
  2 dart slugs
  4 leopard geckos
  6 orcs (D:3)
  3 goblins
  A hobgoblin (D:2)
  4 kobolds
  A quokka (D:2)
  4 bats
  5 frilled lizards
  7 rats
47 creatures vanquished.

Notes
Turn   | Place    | Note
-------+----------+-------------------------------------------
     0 | D:1      | Gerstahl the Naga Skald began the quest for the Orb.
     0 | D:1      | Reached XP level 1. HP: 19/19 MP: 3/3
   297 | D:1      | Reached XP level 2. HP: 13/26 MP: 5/5
   549 | D:1      | Reached skill level 1 in Armour
  1275 | D:2      | Reached XP level 3. HP: 28/33 MP: 6/6
  1353 | D:2      | Found a shadowy altar of Dithmenos.
  1553 | D:2      | Found a glowing golden altar of the Shining One.
  1706 | D:2      | Reached XP level 4. HP: 39/42 MP: 7/7
  1908 | D:3      | Noticed a sky beast
  1924 | D:3      | Killed a sky beast
  1924 | D:3      | Reached XP level 5. HP: 36/50 MP: 4/8
  2427 | D:3      | Noticed Jessica
  2427 | D:3      | Noticed Ijyb
  2432 | D:3      | Killed Jessica
  2454 | D:3      | Killed Ijyb
  2454 | D:3      | Reached XP level 6. HP: 8/58 MP: 9/9
  2477 | D:3      | Slain by an orc

Skill      XL: |  1  2  3  4  5 |
---------------+----------------+-----
Armour         | 1 |  1.0
Fighting       | 3 4 |  4.4
Long Blades    | 3 4 |  4.2
Dodging        | |  1.6
Spellcasting   | |  2.2
Charms         | |  3.1

Action                   |  1- 3 |  4- 6 || total
-------------------------+-------+-------++-------
Melee: Falchion          |    84 |    96 ||   180
 Cast: Infusion          |       |     1 ||     1
 Abil: Spit Poison       |     7 |     9 ||    16
  Use: Potion            |       |     1 ||     1
  Eat: Chunk             |     2 |     2 ||     4
Armor: Leather armour    |    50 |    55 ||   105
Dodge: Dodged            |    47 |    38 ||    85
       Rpst.: Falchion   |    17 |    11 ||    28
